 Dungeon Crawl Stone Soup version 0.17.1-3-g152610e (webtiles) character file.

70850 Jerry the Zephyrmancer (level 14, -7/102 HPs)
             Began as a Purple Draconian Air Elementalist on Mar 29, 2016.
             Was the Champion of Sif Muna.
             Mangled by a seven-headed hydra (12 damage)
             ... on level 8 of the Lair of Beasts on Mar 30, 2016.
             The game lasted 05:04:27 (32291 turns).

Jerry the Zephyrmancer (DrAE)                      Turns: 32291, Time: 05:04:27

Health: -7/102     AC: 14    Str: 11    XL:     14   Next: 95%
Magic:  7/33       EV: 22    Int: 20    God:    Sif Muna [******]
Gold:   1388       SH:  0    Dex: 22    Spells: 5 memorised, 1 level left

rFire  . . .     SeeInvis .     M - staff of air
rCold  + + .     Clarity  .     (armour unavailable)
rNeg   + . .     SustAt   .     (no shield)
rPois  .         Gourm    .     (helmet restricted)
rElec  +         Spirit   .     T - +0 cloak {rC+}
rCorr  .         Warding  .     U - +2 pair of gloves {rC+}
rMut   .         Stasis   +     s - +1 pair of boots {Fly}
MR     ++...                    e - amulet of stasis
Stlth  ++........               o - +6 ring of dexterity
                                x - ring "Nyhuytim" {rN+ MP+9}

@: flying, starving, very resistant to hostile enchantments, unstealthy
A: breathe power, unfitting armour, hooves 1, agile 2, robust 1, screaming 1,
cold-blooded, AC +8
a: Breathe Dispelling Energy, Channel Energy, Forget Spell, Renounce Religion,
Stop Flying


You were on level 8 of the Lair of Beasts.
You worshipped Sif Muna.
Sif Muna was exalted by your worship.
You were starving.

You visited 3 branches of the dungeon, and saw 19 of its levels.
You also visited: Ice Cave.

You collected 1388 gold pieces.

Inventory:

Hand Weapons
 B - the +12 halberd of the Mushroom {elec, *Noise rElec MR+++ Int+2}
   (You found it on level 4 of the Lair of Beasts)

   Occasionally, upon striking a foe, it will discharge some electrical energy
   and cause terrible harm.
   It affects your intelligence (+2).
   It insulates you from electricity.
   It affects your resistance to hostile enchantments.
   It may make noises in combat.
Armour
 s - a +1 pair of boots of flying (worn)
 T - a +0 cloak of cold resistance (worn)
 U - a +2 pair of gloves of cold resistance (worn)
Magical Staves
 d - an uncursed staff of cold
 M - an uncursed staff of air (weapon)
Jewellery
 e - an amulet of stasis (around neck)
 o - a +6 ring of dexterity (right hand)
 x - the ring "Nyhuytim" (left hand) {rN+ MP+9}
   (You found it on level 6 of the Dungeon)

   [ring of positive energy]

   It protects you from negative energy.
   It affects your magic capacity (+9).
 O - a +3 ring of intelligence
 Q - an uncursed amulet of guardian spirit {unknown}
Wands
 k - a wand of teleportation (7)
 v - a wand of digging (8)
 y - a wand of disintegration (11)
 F - a wand of flame (26)
 N - a wand of heal wounds (5)
 R - a wand of draining (3)
 Z - a wand of teleportation (3)
Scrolls
 a - a scroll of amnesia
 c - 3 scrolls of fear
 j - 2 scrolls of recharging
 m - 3 scrolls of teleportation
 n - 10 scrolls of remove curse
 w - 3 scrolls of immolation
 C - 3 scrolls of identify
 G - 2 scrolls of magic mapping
 I - 3 scrolls of fog
 V - a scroll of enchant weapon
 W - a scroll of enchant armour
Potions
 f - 3 potions of magic {unknown}
 h - 2 potions of invisibility {unknown}
 i - a potion of berserk rage {unknown}
 p - 5 potions of cancellation
 q - 5 potions of haste
 t - a potion of cure mutation {unknown}
 z - a potion of degeneration {unknown}
 A - 4 potions of curing
 D - a potion of poison {unknown}
 E - a potion of ambrosia {unknown}
 H - 3 potions of agility
 J - 3 potions of mutation
 K - 4 potions of might
 S - 3 potions of flight
 X - a potion of brilliance {unknown}
Books
 r - Sif Muna's Easy Magic
   (Sif Muna gifted it to you on level 8 of the Lair of Beasts)

   Spells                             Type                      Level
   a - Dazzling Spray                 Conjuration/Hexes            3
   b - Spectral Weapon                Hexes/Charms                 3
   c - Tukima's Dance                 Hexes                        3
   d - Teleport Other                 Translocation                3
   e - Spider Form                    Transmutation/Poison         3
 u - a book of Ice

   Spells                             Type                      Level
   a - Ice Form                       Ice/Transmutation            4
   b - Metabolic Englaciation         Hexes/Ice                    5
   c - Ozocubu's Refrigeration        Ice                          6
   d - Bolt of Cold                   Conjuration/Ice              6
   e - Freezing Cloud                 Conjuration/Ice/Air          6
   f - Simulacrum                     Ice/Necromancy               6
 P - Sif Muna's Grimoire of Gliding Arcane Weapons
   (Sif Muna gifted it to you on level 8 of the Lair of Beasts)

   Spells                             Type                      Level
   a - Shock                          Conjuration/Air              1
   b - Static Discharge               Conjuration/Air              3
   c - Mephitic Cloud                 Conjuration/Poison/Air       3
   d - Poisonous Cloud                Conjuration/Poison/Air       6
   e - Freezing Cloud                 Conjuration/Ice/Air          6
Miscellaneous
 L - a lamp of fire (inert)
Comestibles
 b - 13 bread rations
 g - 16 royal jellies
 l - 6 meat rations
 Y - 8 chunks of flesh


   Skills:
 - Level 10.1 Dodging
 - Level 1.7 Stealth
 - Level 7.3 Spellcasting
 - Level 11.5 Conjurations
 - Level 2.1 Charms
 + Level 8.9 Necromancy
 + Level 8.8 Transmutations
 - Level 8.2 Fire Magic
 - Level 12.7 Air Magic
 - Level 9.1 Invocations


You had one spell level left.
You knew the following spells:

 Your Spells              Type           Power        Failure   Level  Hunger
a - Necromutation         Trmt/Necr      #####.....   100%        8    #######
b - Swiftness             Chrm/Air       ######..     1%          2    None
d - Lightning Bolt        Conj/Air       ######....   1%          5    #####..
f - Fireball              Conj/Fire      #####.....   6%          5    #####..
g - Conjure Ball Lightni  Conj/Air       ######....   12%         6    ######.


Dungeon Overview and Level Annotations

Branches:
Dungeon (10/15)            Temple (1/1) D:4            Lair (8/8) D:8
 Shoals (0/4) Lair:4       Spider (0/4) Lair:5        Slime (0/6) Lair:6
    Orc: D:9-12

Altars:
Ashenzari
Cheibriados
Dithmenos
Elyvilon
Fedhas
Gozag
Kikubaaqudgha
Makhleb
Nemelex Xobeh
Okawaru
Qazlal
Ru
Sif Muna
Trog
Vehumet
Xom
Yredelemnul
Zin
The Shining One
Jiyva

Annotations:
Lair:6 1 runed door


Innate Abilities, Weirdness & Mutations

You can breathe bolts of dispelling energy.
Your rich purple scales are hard (AC +8).
Your body does not fit into most forms of armour.
You are cold-blooded and may be slowed by cold attacks.
You have large cloven feet.
You are very agile. (Dex +4)
You are robust (+10% HP).
You occasionally shout uncontrollably at your foes.


Message History

Aim the lamp in which direction?
Press: ? - help, Dir - move target cursor, f - five-headed hydra
Aim: a five-headed hydra The flames dance!
The trail of fire hits the five-headed hydra.
The five-headed hydra is lightly wounded.
The death yak gores you!
* * * LOW HITPOINT WARNING * * *
The five-headed hydra is engulfed in roaring flames.
The five-headed hydra closely misses you.
The five-headed hydra bites you.
* * * LOW HITPOINT WARNING * * *
The five-headed hydra misses you.
The five-headed hydra bites you but does no damage.
The five-headed hydra closely misses you.
The seven-headed hydra bites you!
* * * LOW HITPOINT WARNING * * *
The seven-headed hydra completely misses you. x2
The seven-headed hydra misses you. The seven-headed hydra bites you!
You die...

...## .... #...........#. .###
.#§§. #.....##....## .# .F..§#
##...P###..†.# ## ...§.##
#...P..##...# #
#k.§.#####.......##††. #
#.§.†.##.........##†. # #.
#.§...#...P......##. #
#..##.DYD.#..r###.....#. #
####......@..##..P.###..... #
#####..#####....###..P...###...
###......#........###........###.
#.#..............##.......... ##
##.............#.##.......... ##
##........#.....#####...P....###.
##....#####P....# #..P...###...
#.........####### ##....###....#
#.....##..##########...###.....##


You could see a death yak, a seven-headed hydra, a five-headed hydra, a spiny
frog and a fire drake.

Vanquished Creatures
  Kirke (Lair:5)
  Nessos (Lair:5)
  7 hydras
  5 death yaks
  A deep troll earth mage (D:8)
  A catoblepas (Lair:7)
  A queen ant (Lair:6)
  The ghost of aredel the Fighter, a journeyman VSFi of Okawaru (Lair:1)
  A hill giant (D:9)
  A necromancer (IceCv)
  2 wolf spiders (Lair:8)
  A hornet (Lair:8)
  A griffon (Lair:5)
  An oklob plant (Lair:6)
  16 black mambas
  6 elephants
  A guardian serpent (Lair:8)
  An ice statue (IceCv)
  19 spiny frogs
  11 komodo dragons
  A queen bee (Lair:4)
  10 freezing wraiths (IceCv)
  2 trolls
  3 fire drakes
  A polar bear (Lair:8)
  Prince Ribbit (D:7)
  A jumping spider (Lair:5)
  27 blink frogs
  A two-headed ogre (D:9)
  4 wyverns (Lair:8)
  2 redbacks (Lair:8)
  A hog (Lair:5)
  4 basilisks
  A steam dragon (Lair:4)
  10 hippogriffs
  A spriggan (D:9)
  53 yaks
  15 soldier ants
  2 death yak simulacra (IceCv)
  11 porcupines
  16 wolves
  Duvessa (D:6)
  6 spiders (Lair:8)
  3 orc warriors
  27 water moccasins
  11 ice beasts
  2 sky beasts
  The ghost of tape the Skirmisher, an amateur DrFi (D:3)
  A black bear (D:8)
  A necrophage (D:9)
  14 crocodiles
  A wasp (Lair:8)
  2 ogres
  A phantom (D:6)
  20 giant frogs
  4 centaurs
  2 big kobolds
  A wyvern skeleton (D:8)
  5 wights (D:9)
  Dowan (D:6)
  A scorpion (D:9)
  2 elephant simulacra (IceCv)
  35 killer bees
  2 crimson imps
  A giant frog zombie (D:9)
  6 draconian simulacra (IceCv)
  3 electric eels (Lair:1)
  3 hounds
  2 giant frog skeletons
  7 jellies (Lair:6)
  Crazy Yiuf (D:2)
  2 orc priests
  3 centaur skeletons (D:9)
  13 iguanas
  32 sheep
  5 troll simulacra (IceCv)
  7 orc wizards
  41 worker ants
  A spriggan simulacrum (IceCv)
  2 centaur simulacra (IceCv)
  A hound skeleton (D:9)
  4 naga simulacra (IceCv)
  70 river rats
  3 shadow imps
  21 adders
  2 ogre simulacra (IceCv)
  12 white imps (IceCv)
  15 oozes (Lair:6)
  An adder zombie (D:9)
  2 worms
  3 adder skeletons
  8 giant geckos
  28 orcs
  6 hobgoblins
  3 jackals
  18 kobolds
  2 ball pythons
  A ball python zombie (D:5)
  10 bats
  6 giant cockroaches
  6 giant newts
  7 goblins
  A jackal zombie (D:7)
  5 quokkas
  A quokka skeleton (D:6)
  9 rats
  2 bushes
  A butterfly (D:4)
  6 fungi
  28 plants
801 creatures vanquished.

Vanquished Creatures (others)
  170 ball lightnings
  5 humans (Lair:6)
  2 worker ants (Lair:6)
  77 fungi
  58 plants
312 creatures vanquished.

Grand Total: 1113 creatures vanquished

Notes
Turn   | Place    | Note
--------------------------------------------------------------
     0 | D:1      | Jerry the Draconian Air Elementalist began the quest for the Orb.
     0 | D:1      | Reached XP level 1. HP: 14/14 MP: 3/3
   636 | D:1      | Reached XP level 2. HP: 20/20 MP: 3/5
  1776 | D:2      | Reached XP level 3. HP: 26/26 MP: 4/7
  1799 | D:2      | Found a sparkling altar of Nemelex Xobeh.
  2175 | D:2      | Found a sacrificial altar of Ru.
  2226 | D:2      | Reached skill level 4 in Air Magic
  2526 | D:2      | Reached XP level 4. HP: 31/33 MP: 5/8
  2716 | D:2      | Noticed Crazy Yiuf
  2725 | D:2      | Killed Crazy Yiuf
  2855 | D:2      | Noticed a centaur
  2860 | D:2      | Killed a centaur
  2860 | D:2      | Reached XP level 5. HP: 21/38 MP: 10/10
  3172 | D:3      | Learned a level 2 spell: Swiftness
  3180 | D:3      | Reached skill level 5 in Air Magic
  3182 | D:3      | Noticed an orc warrior
  3184 | D:3      | Noticed tape's ghost (amateur DrFi)
  3313 | D:3      | Reached XP level 6. HP: 45/45 MP: 8/11
  3380 | D:3      | Killed an orc warrior
  3522 | D:3      | Killed tape's ghost
  3797 | D:3      | Found a snail-covered altar of Cheibriados.
  4040 | D:3      | Found a white marble altar of Elyvilon.
  4040 | D:3      | Found a deep blue altar of Sif Muna.
  4207 | D:3      | Reached skill level 6 in Air Magic
  4418 | D:4      | Your scales start taking on a rich purple colour.
  4418 | D:4      | Reached XP level 7. HP: 50/50 MP: 6/14
  4882 | D:4      | Found a staircase to the Ecumenical Temple.
  4893 | Temple   | Entered the Ecumenical Temple
  5067 | D:3      | Became a worshipper of Sif Muna the Loreminder
  5273 | D:4      | Gained mutation: You are agile. (Dex +2) [potion of mutation]
  5273 | D:4      | Gained mutation: You are robust (+10% HP). [potion of mutation]
  5273 | D:4      | Gained mutation: You occasionally shout uncontrollably at your foes. [potion of mutation]
  5287 | D:5      | Entered Level 5 of the Dungeon
  5389 | D:5      | Reached skill level 1 in Invocations
  6226 | D:5      | Found a radiant altar of Vehumet.
  6344 | D:6      | Noticed Duvessa
  6344 | D:6      | Noticed Dowan
  6350 | D:6      | Killed Dowan
  6360 | D:6      | Killed Duvessa
  6360 | D:6      | Reached skill level 5 in Spellcasting
  6586 | D:6      | Found a bloodstained altar of Trog.
  6727 | D:6      | Got a shimmering bone ring
  6729 | D:6      | Identified the ring "Nyhuytim" {rN+ MP+9} (You found it on level 6 of the Dungeon)
  6880 | D:6      | Reached skill level 1 in Charms
  6987 | D:6      | Reached XP level 8. HP: 59/62 MP: 13/15
  7080 | D:6      | Reached skill level 5 in Dodging
  7207 | D:6      | Learned a level 2 spell: Repel Missiles
  7213 | D:6      | Reached * piety under Sif Muna
  7402 | D:5      | Reached skill level 7 in Air Magic
  7771 | D:6      | Found an ancient bone altar of Kikubaaqudgha.
  7853 | D:6      | Noticed a troll
  7872 | D:6      | Killed a troll
  8234 | D:6      | Identified a scroll of acquirement
  8354 | D:7      | Reached XP level 9. HP: 68/68 MP: 17/17
  8526 | D:7      | Noticed Prince Ribbit
  8534 | D:7      | Killed Prince Ribbit
  9081 | D:7      | Found an ancient bone altar of Kikubaaqudgha.
  9152 | D:7      | Reached ** piety under Sif Muna
  9152 | D:7      | Reached skill level 8 in Air Magic
  9159 | D:7      | Gained mutation: You are very agile. (Dex +4) [mutagenic meat]
  9160 | D:7      | Gained mutation: You have large cloven feet. [mutagenic meat]
  9378 | D:7      | Found a sacrificial altar of Ru.
  9933 | D:8      | Found a staircase to the Lair.
 10526 | D:9      | Found a burning altar of Makhleb.
 10534 | D:9      | Reached skill level 5 in Conjurations
 10933 | D:9      | Reached skill level 9 in Air Magic
 10947 | D:9      | Reached XP level 10. HP: 75/75 MP: 14/19
 11155 | D:9      | Reached *** piety under Sif Muna
 11252 | D:9      | Learned a level 5 spell: Lightning Bolt
 11310 | D:9      | Noticed a hill giant
 11315 | D:9      | Killed a hill giant
 11329 | D:9      | Noticed a deep troll earth mage
 11424 | D:8      | Killed a deep troll earth mage
 11862 | D:9      | Learned a level 3 spell: Static Discharge
 12002 | D:9      | HP: 2/75 [something (6)]
 12003 | D:10     | Entered Level 10 of the Dungeon
 12360 | Lair:1   | Entered Level 1 of the Lair of Beasts
 12441 | Lair:1   | Reached skill level 10 in Air Magic
 12464 | Lair:1   | Noticed a black mamba
 12766 | D:10     | Noticed a guardian serpent
 13210 | D:8      | Killed a black mamba
 13210 | D:8      | Reached **** piety under Sif Muna
 13606 | Lair:1   | Reached XP level 11. HP: 65/81 MP: 20/20
 13619 | Lair:1   | Noticed aredel's ghost (journeyman VSFi)
 13733 | Lair:1   | Killed aredel's ghost
 13735 | Lair:1   | Reached skill level 5 in Invocations
 15864 | Lair:3   | Learned a level 5 spell: Fireball
 15878 | Lair:3   | Reached skill level 1 in Fire Magic
 15881 | Lair:3   | Reached ***** piety under Sif Muna
 15881 | Lair:3   | Reached skill level 10 in Dodging
 16677 | Lair:3   | Reached skill level 5 in Fire Magic
 16997 | Lair:3   | Reached XP level 12. HP: 75/89 MP: 15/22
 17302 | Lair:3   | Reached ****** piety under Sif Muna
 17404 | Lair:3   | Received a gift from Sif Muna
 17405 | Lair:3   | Identified Sif Muna's Handbook of Attacks (Sif Muna gifted it to you on level 3 of the Lair of Beasts)
 17749 | Lair:3   | Learned a level 6 spell: Conjure Ball Lightning
 17758 | Lair:4   | Noticed a five-headed hydra
 18175 | Lair:4   | Found a staircase to the Shoals.
 18322 | Lair:4   | Got a bloodstained halberd
 18323 | Lair:4   | Identified the +12 halberd of the Mushroom {elec, *Noise rElec MR+++ Int+2} (You found it on level 4 of the Lair of Beasts)
 18407 | Lair:4   | Killed a five-headed hydra
 18694 | Lair:4   | Noticed a four-headed hydra
 18698 | Lair:4   | Killed a four-headed hydra
 19674 | Lair:4   | Noticed a six-headed hydra
 19693 | Lair:4   | Killed a six-headed hydra
 19852 | Lair:5   | Reached skill level 11 in Air Magic
 19869 | Lair:5   | Noticed Nessos
 20481 | Lair:5   | Killed Nessos
 20481 | Lair:5   | Reached XP level 13. HP: 44/94 MP: 12/23
 21090 | Lair:5   | Found a hole to the Spider Nest.
 21244 | Lair:5   | Received a gift from Sif Muna
 21245 | Lair:5   | Identified Sif Muna's Compendium of Confrontation (Sif Muna gifted it to you on level 5 of the Lair of Beasts)
 21251 | Lair:5   | Learned a level 3 spell: Mephitic Cloud
 21557 | Lair:5   | Reached skill level 10 in Conjurations
 22378 | Lair:5   | Reached skill level 12 in Air Magic
 22617 | Lair:6   | Noticed Kirke
 22632 | Lair:5   | Killed Kirke
 23839 | Lair:6   | Found a runed door.
 23839 | Lair:6   | Found a viscous altar of Jiyva.
 23839 | Lair:6   | Found a staircase to the Slime Pits.
 23839 | Lair:6   | Noticed an acid blob
 23955 | Lair:6   | Received a gift from Sif Muna
 24104 | Lair:3   | Learned a level 8 spell: Necromutation
 24813 | Lair:6   | Reached skill level 1 in Necromancy
 24813 | Lair:6   | Reached skill level 1 in Transmutations
 25342 | Lair:7   | HP: 2/94 [ball lightning[the player character] (6)]
 25821 | Lair:7   | Reached XP level 14. HP: 44/102 MP: 9/24
 26607 | Lair:7   | Reached skill level 5 in Necromancy
 26878 | Lair:7   | Reached skill level 5 in Transmutations
 28146 | Lair:8   | Entered Level 8 of the Lair of Beasts
 28492 | Lair:8   | Found a frozen archway.
 28495 | Lair:8   | Received a gift from Sif Muna
 28496 | Lair:8   | Identified Sif Muna's Grimoire of Gliding Arcane Weapons (Sif Muna gifted it to you on level 8 of the Lair of Beasts)
 28642 | IceCv    | Entered an ice cave
 29368 | IceCv    | Found an ancient bone altar of Kikubaaqudgha.
 31084 | Lair:8   | Received a gift from Sif Muna
 31089 | Lair:8   | Identified Sif Muna's Easy Magic (Sif Muna gifted it to you on level 8 of the Lair of Beasts)
 32291 | Lair:8   | HP: 5/102 [seven-headed hydra (15)]
 32291 | Lair:8   | Mangled by a seven-headed hydra

Action                   |  1- 3 |  4- 6 |  7- 9 | 10-12 | 13-15 || total
-------------------------+-------+-------+-------+-------+-------++-------
Melee: Whip              |     5 |       |       |       |       ||     5
       Quarterstaff      |       |     8 |       |       |       ||     8
       Dagger            |       |     5 |     6 |       |       ||    11
       Staff             |       |       |       |    10 |   461 ||   471
 Fire: Hunting sling     |    16 |    10 |       |       |       ||    26
 Cast: Shock             |    71 |    91 |   377 |   625 |   166 ||  1330
       Swiftness         |       |       |     3 |     3 |     2 ||     8
       Repel Missiles    |       |       |     1 |     1 |       ||     2
       Lightning Bolt    |       |       |       |    78 |   110 ||   188
       Static Discharge  |       |       |       |    56 |   115 ||   171
       Conjure Ball Ligh |       |       |       |       |    74 ||    74
       Fireball          |       |       |       |       |     5 ||     5
Invok: Channel Energy    |       |       |       |    77 |   139 ||   216
       Forget Spell      |       |       |       |       |     4 ||     4
 Abil: Breathe Dispellin |       |       |     1 |     2 |       ||     3
Evoke: Wand              |       |       |    11 |    12 |     4 ||    27
       Phantom mirror    |       |       |       |     1 |       ||     1
       Lamp of fire      |       |       |       |       |     1 ||     1
  Use: Scroll            |       |       |    24 |     3 |     7 ||    34
       Potion            |       |       |     1 |     3 |     2 ||     6
 Stab: Paralysed         |       |     1 |       |       |       ||     1
  Eat: Chunk             |     5 |     6 |    19 |    51 |    63 ||   144
       Fruit             |       |       |     3 |    13 |    10 ||    26
       Beef jerky        |       |       |       |     1 |     2 ||     3
       Bread ration      |       |       |       |       |     5 ||     5
       Meat ration       |       |       |       |       |     4 ||     4
       Royal jelly       |       |       |       |       |     2 ||     2
       Pizza             |       |       |       |       |     1 ||     1
